 Dungeon Crawl Stone Soup version 0.32-a0-791-gfc315c9ecd (webtiles) character file.

Game seed: 3438455939751935155

40967 atutco the Fighter (level 14, -1/133 HPs)
             Began as a Naga Hedge Wizard on Mar 19, 2024.
             Was a High Priest of Cheibriados.
             Slain by a death yak (20 damage)
             ... on level 4 of the Lair of Beasts on Mar 20, 2024.
             The game lasted 02:13:22 (11899 turns).

atutco the Fighter (Naga Hedge Wizard)             Turns: 11899, Time: 02:13:23

Health: -1/133     AC:  7    Str: 24    XL:     14   Next: 13%
Magic:  4/26       EV: 16    Int: 38    God:    Cheibriados [*****.]
Gold:   819        SH:  0    Dex: 23    Spells: 5/30 levels left

rFire   . . .        y - +6 scythe (flame)
rCold   . . .        (shield currently unavailable)
rNeg    . . .        s - +0 troll leather armour
rPois   +            W - +0 helmet {Int+3}
rElec   .            I - scarf {repulsion}
rCorr   .            (no gloves)
SInv    +            (no barding)
Will    +....        (no amulet)
Stlth   +            w - +6 ring of intelligence
HPRegen 1.22/turn    D - +5 ring of evasion
MPRegen 0.20/turn

%: repel missiles
@: confused, ambrosia-drunk, very slow
A: AC +4, large, see invisible, deformed body, poison resistance, slowness 2,
spit poison 1, naga tail 2
a: Spit Poison, Renounce Religion, Bend Time, Temporal Distortion, Slouch, Step
From Time


You were on level 4 of the Lair of Beasts.
You worshipped Cheibriados.
Cheibriados was extremely pleased with you.
You visited 3 branches of the dungeon, and saw 16 of its levels.
You also visited: Bailey.

You collected 1095 gold pieces.
You spent 276 gold pieces at shops.

Inventory:

Hand Weapons
 b - a +0 trident
 f - a +0 war axe
 v - a +0 sling
 y - a +6 scythe of flaming (weapon)
 U - a +3 eveningstar
Missiles
 h - 2 curare-tipped darts
 J - 11 poisoned darts (quivered)
 R - 11 javelins
Armour
 p - a +2 robe of cold resistance
 s - a +0 troll leather armour (worn)
 I - a scarf of repulsion (worn)
 W - a +0 helmet of intelligence (worn)
Magical Staves
 X - a staff of air
Jewellery
 a - a ring of ice
 w - a +6 ring of intelligence (left hand)
 D - a +5 ring of evasion (right hand)
 L - an amulet of faith
 Z - a ring of flight
Talismans
 j - a serpent talisman
Wands
 o - a wand of polymorph (8)
 z - a wand of roots (6)
 C - a wand of mindburst (37)
 F - a wand of flame (36)
 G - a wand of digging (4)
 N - a wand of acid (8)
 V - a wand of charming (5)
Scrolls
 d - a scroll of poison {unknown}
 g - 2 scrolls of butterflies {unknown}
 k - 2 scrolls of teleportation
 l - a scroll of enchant weapon {unknown}
 m - 2 scrolls of enchant armour {unknown}
 r - 2 scrolls of fog {unknown}
 t - 2 scrolls of silence
 A - 3 scrolls of torment
 H - 2 scrolls of fear {unknown}
 M - a scroll of vulnerability {unknown}
 P - 4 scrolls of revelation
 S - a scroll of amnesia
 T - a scroll of brand weapon {unknown}
 Y - 2 scrolls of immolation {unknown}
Potions
 c - 2 potions of invisibility
 e - 3 potions of haste
 i - 5 potions of mutation
 n - 2 potions of curing
 q - 3 potions of ambrosia
 u - 2 potions of brilliance
 x - a potion of resistance
 B - 4 potions of might
 E - 2 potions of berserk rage
 K - a potion of cancellation
 O - a potion of magic
 Q - 3 potions of attraction


   Skills:
 - Level 10.9 Fighting
 - Level 2.0 Polearms
 - Level 1.0 Throwing
 - Level 4.0 Armour
 - Level 4.0 Dodging
 - Level 6.0 Stealth
 - Level 8.9 Spellcasting
 - Level 7.0 Conjurations
 - Level 6.0 Hexes
 - Level 3.0 Summonings
 * Level 8.3 Necromancy
 - Level 4.0 Translocations
 - Level 4.0 Fire Magic
 - Level 3.0 Air Magic
 - Level 5.0 Earth Magic
 - Level 8.0 Alchemy
 - Level 8.0 Invocations
 - Level 1.0 Evocations


You had 5 spell levels left.
You knew the following spells:

 Your Spells              Type           Power      Damage    Failure   Level
b - Call Imp              Summ           78%        N/A       1%          2
c - Mephitic Cloud        Conj/Alch/Air  58%        N/A       1%          3
d - Blink                 Tloc           94%        N/A       1%          2
e - Searing Ray           Conj           100%       2d8       1%          2
f - Dispel Undead         Necr           69%        3d23      1%          4
g - Stone Arrow           Conj/Erth      100%       3d13      1%          3
h - Ignite Poison         Fire/Alch      58%        N/A       2%          4
i - Yara's Violent Unrav  Hex/Alch       31%        3d13      4%          5

Your spell library contained the following spells:

 Spells                   Type           Power      Damage    Failure   Level
 Magic Dart               Conj           100%       1d8       1%          1
 Sandblast                Erth           100%       2d20      1%          1
 Slow                     Hex            100%       N/A       1%          1
 Cigotuvi's Dreadful Rot  Necr/Alch/Air  100%       N/A       1%          2
 Ensorcelled Hibernation  Hex/Ice        78%        N/A       1%          2
 Fugue of the Fallen      Necr           69%        N/A       1%          3
 Tukima's Dance           Hex            58%        N/A       1%          3
 Anguish                  Hex/Necr       32%        N/A       1%          4
 Fulminant Prism          Conj/Alch      32%        3d15      1%          4
 Brom's Barrelling Bould  Conj/Erth      58%        2d7       2%          4
 Iskenderun's Mystic Bla  Conj/Tloc      56%        2d12      2%          4
 Martyr's Knell           Necr/Summ      56%        N/A       2%          4
 Alistair's Intoxication  Alch           44%        N/A       2%          5
 Dimensional Bullseye     Hex/Tloc       26%        N/A       3%          4
 Summon Ice Beast         Ice/Summ       28%        N/A       4%          3
 Passage of Golubria      Tloc           47%        N/A       4%          4


Dungeon Overview and Level Annotations

Branches:
Dungeon (11/15)            Temple (1/1) D:7            Lair (4/5) D:11
 Shoals (0/4) Lair:2        Snake (0/4) Lair:3          Orc (0/2) D:10
 Bailey (visited)
  Slime: Lair:4-5

Altars:
Ashenzari
Cheibriados
Dithmenos
Elyvilon
Fedhas
Gozag
Hepliaklqana
Makhleb
Nemelex Xobeh
Okawaru
Qazlal
Ru
Sif Muna
Trog
Uskayaw
Vehumet
Wu Jian
Xom
Yredelemnul
Zin
The Shining One

Shops:
D:6 *

Annotations:
D:10 7 exclusions, Erolcha
Temple 2 transporters
Lair:2 1 exclusion
Lair:4 2 transporters, Egailiyk's ghost, journeyman GrEE


Innate Abilities, Weirdness & Mutations

Your serpentine skin is tough. (AC +4)
You have supernaturally acute eyesight. (SInv)
Armour fits poorly on your strangely shaped body.
Your system is resistant to poisons. (rPois)
You cover ground very slowly.
You can spit poison.
You can use your snake-like lower body to constrict enemies.


Message History

You throw a curare-tipped dart.
The curare-tipped dart hits the death yak.
The death yak is poisoned.
The death yak struggles to breathe.
The death yak seems to slow down.
The death yak is severely wounded.
You have got your breath back.
You feel ready to blink again.
Press: ? - help, v - describe, . - travel
Here: a death yak (severely wounded, very poisoned, slow)
The floor.
Unknown command.
Unknown command.
Press: ? - help, v - describe, . - travel
Here: a death yak (severely wounded, very poisoned, slow)
The floor.
Unknown command.
Press: ? - help, v - describe, . - travel
Here: a death yak (severely wounded, very poisoned, slow)
The floor.
Unknown command.
Throw: 3 darts (curare)
Press: ? - help, Shift-Dir - straight line, f/p - death yak
Aim: a death yak (severely wounded, very poisoned, slow, 82% to hit)
You throw a curare-tipped dart.
The curare-tipped dart hits the death yak.
The death yak looks as sick as possible!
The death yak struggles to breathe.
The death yak seems to be slow for longer.
The death yak is severely wounded.
The death yak gores you!
* * * LOW HITPOINT WARNING * * *
Press: ? - help, v - describe, . - travel, g - get item
Here: a death yak (severely wounded, extremely poisoned, slow) Item here: a curare-tipped dart.
The floor.
Unknown command.
You are confused.
You feel invigorated. The death yak gores you!!
You die...
Cheibriados appreciates the motionlessness of death.

##.# #.#. .### ... ....
P. ..... #. #...
##.####..≈♣ #....#..♣
....... ##..Y..~♣
#......##...†@♣≈♣
..#......###..°~≈≈P...P
#.#.#...... #°(.(♣P...PP
..........# #.#..♣....|/
..........###....~....P[
.................~≈.....
..................♣≈.PP.
..................P♣~.P.
..........####.....♣


You could see a death yak (extremely poisoned, slow).

Vanquished Creatures
  A dire elephant (Lair:4)
  2 hydras (Lair:3)
  Fannar (D:11)
  2 catoblepae (Lair:3)
  4 boulder beetles
  7 death yaks
  Urug (D:10)
  Nergalle (Lair:2)
  Sonja (D:11)
  A skyshark (Lair:3)
  Lodul (D:11)
  Pikel (D:7)
  A cyclops (D:11)
  Maurice (D:7)
  An ugly thing (D:11)
  6 elephants (Lair:3)
  A black mamba (Lair:3)
  A gargoyle (Bailey)
  12 cane toads
  5 rime drakes
  Maggie (D:7)
  12 komodo dragons
  Psyche (D:11)
  2 trolls
  A hornet (D:11)
  Grinder (D:5)
  2 polar bears (Lair:3)
  8 blink frogs
  A dream sheep (Lair:3)
  Sigmund (D:2)
  A wraith (D:10)
  Eustachio (D:6)
  A vampire (Bailey)
  5 basilisks
  19 yaks
  3 wyverns
  A steam dragon (D:10)
  Menkaure (D:5)
  A naga (Lair:3)
  17 water moccasins
  An orc warrior (D:9)
  2 sky beasts (D:7)
  2 ice beasts (D:6)
  A black bear (D:5)
  5 wolves (Lair:3)
  3 centaurs
  7 ogres (D:11)
  A phantom (D:4)
  A lemure (D:7)
  A kobold brigand (D:6)
  12 bullfrogs
  3 scorpions
  4 wights (D:7)
  6 vampire bats (Bailey)
  An electric eel (Lair:2)
  A howler monkey (D:11)
  4 wolf zombies (Bailey)
  2 bombardier beetles
  2 hounds
  A gnoll bouda (D:6)
  4 orc priests
  2 iguanas
  3 sleepcaps
  3 orc wizards
  Ijyb (D:5)
  A hell rat (Lair:3)
  5 gnolls
  2 adders
  3 shadow imps
  14 orcs
  3 ball pythons
  3 bats
  4 endoplasms
  2 giant cockroaches (D:1)
  9 goblins
  A hobgoblin (D:4)
  8 jackals
  6 kobolds
  2 quokkas
  2 frilled lizards (D:2)
  17 orc zombies (Bailey)
  6 rats
292 creatures vanquished.

Vanquished Creatures (collateral kills)
  3 death yaks (Lair:1)
  A yak (D:9)
  2 wolf zombies (Bailey)
  A hound (D:6)
  An iguana (D:5)
  3 gnolls
  An orc zombie (Bailey)
  2 adders
  A shadow imp (D:3)
  A white imp (D:5)
  2 dart slugs (D:1)
  2 orcs (D:4)
  6 endoplasms
  A giant cockroach (D:1)
  5 goblins
  6 hobgoblins
  5 jackals
  A bat (D:1)
  A frilled lizard (D:1)
  3 kobolds
  3 rats
51 creatures vanquished.

Vanquished Creatures (others)
  2 water moccasins (Lair:1)
2 creatures vanquished.

Grand Total: 345 creatures vanquished

Notes
Turn   | Place    | Note
-------+----------+-------------------------------------------
     0 | D:1      | atutco the Naga Hedge Wizard began the quest for the Orb.
     0 | D:1      | Reached XP level 1. HP: 15/15 MP: 4/4
   154 | D:1      | Reached XP level 2. HP: 15/22 MP: 1/6
   160 | D:1      | Learned a level 2 spell: Call Imp
   419 | D:1      | Reached XP level 3. HP: 28/28 MP: 4/7
   423 | D:1      | Learned a level 3 spell: Mephitic Cloud
   426 | D:1      | Learned a level 2 spell: Blink
  1024 | D:2      | Reached XP level 4. HP: 33/36 MP: 8/8
  1078 | D:2      | Noticed Sigmund
  1170 | D:2      | Found a faded altar of an unknown god.
  1834 | D:3      | Found a transporter.
  1865 | D:3      | Found a transporter.
  2073 | D:3      | Found an iron altar of Okawaru.
  2480 | D:4      | Reached skill level 1 in Alchemy
  2503 | D:3      | Reached XP level 5. HP: 35/42 MP: 3/10
  2643 | D:4      | Reached skill level 1 in Air Magic
  2649 | D:4      | Noticed a phantom
  2760 | D:4      | Killed a phantom
  2761 | D:4      | Reached XP level 6. HP: 13/49 MP: 10/12
  2870 | D:4      | Found a burning altar of Makhleb.
  3116 | D:4      | Found a sacrificial altar of Ru.
  3248 | D:2      | Killed Sigmund
  3249 | D:2      | Reached XP level 7. HP: 47/55 MP: 7/13
  3325 | D:5      | Entered Level 5 of the Dungeon
  3325 | D:5      | Noticed Menkaure
  3443 | D:5      | Noticed Grinder
  3443 | D:5      | Paralysed by Grinder for 3 turns
  3497 | D:5      | Paralysed by Grinder for 2 turns
  3499 | D:5      | Killed Grinder
  3500 | D:5      | Reached skill level 2 in Fighting
  3500 | D:5      | Reached skill level 3 in Fighting
  3508 | D:5      | Learned a level 2 spell: Searing Ray
  3660 | D:5      | Noticed Ijyb
  3681 | D:5      | Killed Ijyb
  3764 | D:5      | Reached XP level 8. HP: 69/69 MP: 14/14
  3770 | D:5      | Killed Menkaure
  3771 | D:5      | Reached skill level 1 in Polearms
  3771 | D:5      | Reached skill level 1 in Evocations
  4010 | D:5      | Reached skill level 1 in Armour
  4431 | D:6      | Reached skill level 4 in Fighting
  4431 | D:6      | Reached skill level 5 in Conjurations
  4510 | D:6      | Noticed Eustachio
  4625 | D:6      | Found Ygef's General Store.
  4645 | D:6      | Bought a potion of brilliance for 48 gold pieces
  4645 | D:6      | Bought a potion of cancellation for 96 gold pieces
  4645 | D:6      | Bought a potion of mutation for 96 gold pieces
  4645 | D:6      | Bought a potion of curing for 36 gold pieces
  4744 | D:6      | Reached XP level 9. HP: 77/79 MP: 2/15
  4747 | D:6      | Killed Eustachio
  4748 | D:6      | Reached skill level 1 in Hexes
  5068 | D:7      | Noticed Maggie
  5118 | D:7      | Reached skill level 5 in Alchemy
  5149 | D:7      | Killed Maggie
  5150 | D:7      | Reached skill level 5 in Fighting
  5390 | D:7      | Noticed Maurice
  5409 | D:7      | Killed Maurice
  5486 | D:7      | Upgraded the game from 0.32-a0-772-g33df2375a9 to
                  | 0.32-a0-791-gfc315c9ecd
  5509 | D:7      | Learned a level 4 spell: Dispel Undead
  5536 | D:7      | Found a staircase to the Ecumenical Temple.
  5543 | Temple   | Found a transporter.
  5543 | Temple   | Found a transporter.
  5543 | Temple   | Found a transporter.
  5543 | Temple   | Found a transporter.
  5543 | Temple   | Entered the Ecumenical Temple
  5701 | D:7      | Reached skill level 1 in Necromancy
  5704 | D:7      | Noticed Pikel
  5710 | D:7      | Killed Pikel
  5711 | D:7      | Reached XP level 10. HP: 88/88 MP: 12/16
  5974 | D:7      | Identified the +1 dagger of the Seven Deaths {drain, SInv}
  6183 | D:8      | Found a snail-covered altar of Cheibriados.
  6191 | D:8      | Became a worshipper of Cheibriados the Contemplative
  6199 | D:8      | Noticed a centaur warrior
  6218 | D:8      | Noticed a cyclops
  6218 | D:8      | Noticed a centaur warrior
  6218 | D:8      | Noticed a gargoyle
  6228 | D:8      | Noticed an unseen horror
  6229 | D:8      | Noticed a manticore
  6230 | D:8      | Noticed a two-headed ogre
  6230 | D:8      | a brain worm changed into a harpy
  6230 | D:8      | Noticed a harpy (shapeshifter)
  6239 | D:8      | Noticed a cane toad
  6240 | D:8      | Noticed a faun
  6334 | D:8      | Learned a level 3 spell: Stone Arrow
  6466 | D:8      | Reached skill level 1 in Earth Magic
  6566 | D:8      | Found a hide-covered altar of Uskayaw.
  6567 | D:8      | Noticed a +0 dagger
  6567 | D:8      | Noticed a +0 hand axe
  6837 | D:9      | Found a radiant altar of Vehumet.
  7072 | D:9      | Reached skill level 5 in Earth Magic
  7335 | D:10     | Entered Level 10 of the Dungeon
  7355 | D:10     | Reached skill level 5 in Stealth
  7368 | D:10     | Noticed Urug
  7384 | D:10     | Found a staircase to the Orcish Mines.
  7392 | D:10     | Killed Urug
  7393 | D:10     | Reached skill level 6 in Fighting
  7411 | D:10     | Found a flagged portal.
  7416 | D:10     | Reached * piety under Cheibriados
  7426 | Bailey   | Entered a bailey
  7682 | Bailey   | Reached skill level 5 in Necromancy
  7687 | Bailey   | Reached XP level 11. HP: 98/98 MP: 3/17
  7826 | Bailey   | Reached ** piety under Cheibriados
  7868 | Bailey   | Reached skill level 5 in Spellcasting
  7878 | Bailey   | Got the Vademecum on Frostbite and Leucosis
  8035 | D:10     | Noticed Erolcha
  8096 | D:11     | Noticed Fannar
  8109 | D:11     | Killed Fannar
  8165 | D:11     | Found a staircase to the Lair.
  8234 | D:11     | Noticed a cyclops
  8245 | D:11     | Killed a cyclops
  8284 | D:11     | Noticed Lodul
  8284 | D:11     | Noticed a green ugly thing
  8299 | D:11     | Killed a green ugly thing
  8320 | D:11     | Killed Lodul
  8441 | D:11     | Noticed a boulder beetle
  8453 | D:11     | Killed a boulder beetle
  8466 | D:11     | Noticed Sonja
  8475 | D:11     | Killed Sonja
  8483 | D:11     | Learned a level 4 spell: Ignite Poison
  8489 | D:11     | Learned a level 5 spell: Yara's Violent Unravelling
  8504 | D:11     | Noticed Psyche
  8510 | D:11     | Killed Psyche
  8719 | Lair:1   | Entered Level 1 of the Lair of Beasts
  8753 | Lair:1   | Reached skill level 1 in Invocations
  8755 | Lair:1   | Reached *** piety under Cheibriados
  8760 | Lair:1   | Reached skill level 7 in Fighting
  8797 | Lair:1   | Noticed a death yak
  8797 | Lair:1   | Noticed a death yak
  8813 | Lair:1   | Reached XP level 12. HP: 68/109 MP: 13/24
  8815 | Lair:1   | Noticed a death yak
  8815 | Lair:1   | Noticed a death yak
  8816 | Lair:1   | Noticed a death yak
  8817 | Lair:1   | Noticed a death yak
  8825 | Lair:1   | Killed a death yak
  8837 | Lair:1   | Killed a death yak
  8838 | Lair:1   | Reached skill level 8 in Fighting
  9036 | Lair:1   | Reached skill level 1 in Fire Magic
  9061 | Lair:1   | Killed a death yak
  9063 | Lair:1   | Killed a death yak
  9064 | Lair:1   | Reached skill level 5 in Invocations
  9064 | Lair:1   | Killed a death yak
  9076 | Lair:1   | Killed a death yak
  9164 | Lair:1   | Noticed a boulder beetle
  9175 | Lair:1   | Killed a boulder beetle
  9176 | Lair:1   | Reached skill level 5 in Hexes
  9239 | Lair:1   | You fall into a shaft and drop 1 floor!
  9468 | Lair:2   | Noticed Nergalle
  9483 | Lair:2   | Killed Nergalle
  9527 | Lair:2   | Reached **** piety under Cheibriados
  9798 | Lair:2   | Gained mutation: You can use your snake-like lower body to
                  | constrict enemies. [Naga growth]
  9798 | Lair:2   | Reached XP level 13. HP: 114/117 MP: 14/25
  9951 | Lair:2   | Found a shadowy altar of Dithmenos.
 10203 | Lair:2   | Found a staircase to the Shoals.
 10497 | Lair:3   | Reached skill level 9 in Fighting
 10569 | Lair:3   | Reached skill level 10 in Fighting
 10637 | Lair:3   | Reached ***** piety under Cheibriados
 10768 | Lair:3   | Reached skill level 1 in Throwing
 11193 | Lair:3   | Found a staircase to the Snake Pit.
 11752 | Lair:4   | Noticed Egailiyk's ghost (journeyman GrEE)
 11753 | Lair:4   | Found a transporter.
 11757 | Lair:4   | Found a transporter.
 11801 | Lair:4   | Reached XP level 14. HP: 43/133 MP: 20/26
 11864 | Lair:4   | Noticed a dire elephant
 11896 | Lair:4   | Killed a dire elephant
 11899 | Lair:4   | Slain by a death yak

Illustrated notes

Levels and vault maps discovered:
D:1:      pf_arrival_petrified_forest, layout_rooms, serial_bayou_lagoon_b
D:2:      layout_basic, shapermc_ecumenical_altar_pompeii, serial_bayou_ford_a,
          uniq_sigmund
D:3:      gammafunk_wand_slinger, layout_loops_ring, okawaru_metal_pillars_1_2
D:4:      layout_loops_ring, mainiacjoe_overflow_small_starburst,
          general_overflow_altar
D:5:      layout_basic, dk_vineyard_2, kennysheep_path_1, uniq_ijyb,
          uniq_menkaure, uniq_grinder
D:6:      layout_cave_pools, serial_shops, shop, uniq_eustachio
D:7:      layout_basic, minmay_temple_entry_arrows, serial_co_window_serial,
          co_window_of_opportunity_a, co_window_paths_a,
          co_window_of_opportunity_a, co_window_paths_b, co_window_corner_a,
          co_window_corner_ca, co_window_cross_3, co_window_2corner,
          co_window_unsneaky_path_c, co_window_4corner_b, glass_columns_c,
          glass_columns_c, minivault_27, uniq_maggie, uniq_maurice, uniq_pikel
D:8:      layout_loops_ring, dancing_weapons_uskayaw, mainiacjoe_overflow_paths,
          minivault_12
D:9:      layout_irregular_city, nicolae_vehumet_altar_sigil
D:10:     layout_roguey, lemuel_mausoleum_altar_kikubaaqudgha, orc_0_dummy,
          enter_bailey_5, minivault_24, minmay_between, uniq_urug, uniq_erolcha
D:11:     layout_roguey, lair_entry_dummy, uniq_sonja, uniq_psyche, uniq_fannar,
          uniq_lodul
Temple:   hellmonk_temple_divided_pantheon
Lair:1:   layout_misc_corridors, columned_hall_lemuel, grunt_megastairs_5
Lair:2:   layout_cave_pods, minmay_shoals_entry_hut, basic_altar,
          chequers_serial_rivers_micro_e, grunt_megastairs_2,
          serial_bayou_shore_b, lemuel_fruit_tree, uniq_nergalle
Lair:3:   nzn_winding_woodlands_stair_cross [nzn_winding_woodlands_5x15_garden,
          nzn_winding_woodlands_center_pierced_h,
          nzn_winding_woodlands_5x15_sawtooth,
          nzn_winding_woodlands_5x5_checkerboard,
          nzn_winding_woodlands_hourglass,
          nzn_winding_woodlands_5x15_sidewinder,
          nzn_winding_woodlands_center_lodge, nzn_winding_woodlands_5x15_eye],
          layout_gridlike, guppyfry_snake_entry_island
Lair:4:   layout_regular_city, gammafunk_ghost_hive, nicolae_lair_grazing_beasts
          [nicolae_sub_lair_graze_edge, nicolae_sub_lair_graze_edge,
          nicolae_sub_lair_graze_edge, nicolae_sub_lair_graze_edge]

Skill      XL: |  1  2  3  4  5  6  7  8  9 10 11 12 13 14 |
---------------+-------------------------------------------+-----
Conjurations   | 2 3 4 6 7 |  7.0
Summonings     | 2 3 |  3.0
Alchemy        | 1 2 3 4 6 7 8 |  8.0
Spellcasting   | 4 8 |  8.9
Air Magic      | 2 3 |  3.0
Fighting       | 3 4 5 6 7 8 10 | 10.9
Polearms       | 2 |  2.0
Evocations     | 1 |  1.0
Armour         | 1 2 3 4 |  4.0
Dodging        | 2 3 4 |  4.0
Stealth        | 4 5 6 |  6.0
Translocations | 2 4 |  4.0
Hexes          | 4 5 6 |  6.0
Necromancy     | 4 5 7 8 |  8.3
Earth Magic    | 5 |  5.0
Invocations    | 2 8 |  8.0
Fire Magic     | 4 |  4.0
Throwing       | 1 |  1.0

Action                     |  1- 3 |  4- 6 |  7- 9 | 10-12 | 13-15 || total
---------------------------+-------+-------+-------+-------+-------++-------
  Melee: War axe           |    26 |       |       |       |       ||    26
         Spear             |    17 |    85 |       |       |       ||   102
         Halberd           |       |       |   128 |   304 |   126 ||   558
         Constrict         |       |       |       |       |    33 ||    33
  Throw: Stone             |       |     6 |    18 |       |       ||    24
         Throwing net      |       |       |     1 |       |       ||     1
         Dart              |       |       |       |    30 |    26 ||    56
         Javelin           |       |       |       |       |     1 ||     1
   Cast: Magic Dart        |    13 |    17 |     4 |       |       ||    34
         Call Imp          |    12 |    25 |    37 |    38 |       ||   112
         Blink             |       |     1 |     2 |     7 |     4 ||    14
         Mephitic Cloud    |       |     1 |    20 |    61 |    47 ||   129
         Searing Ray       |       |       |     3 |     4 |       ||     7
         Stone Arrow       |       |       |       |     6 |       ||     6
         Dispel Undead     |       |       |       |     3 |       ||     3
         Ignite Poison     |       |       |       |     8 |    16 ||    24
 Invoke: Slouch            |       |       |       |       |     2 ||     2
Ability: Spit Poison       |    15 |    23 |    10 |    18 |    15 ||    81
  Evoke: Wand              |       |       |     3 |     6 |    12 ||    21
    Use: Scroll            |     1 |       |     7 |     7 |     3 ||    18
         Potion            |       |     1 |       |     6 |     6 ||    13
   Stab: Sleeping          |     1 |       |       |     6 |     1 ||     8
         Distracted        |       |     1 |     2 |     3 |       ||     6
         Confused          |       |       |     8 |    25 |    13 ||    46
         Petrified         |       |       |       |       |     1 ||     1
 Armour: Robe              |    44 |    52 |    25 |     2 |       ||   123
         Steam dragon scal |       |       |     8 |    90 |       ||    98
         Troll leather arm |       |       |       |    82 |   129 ||   211
  Dodge: Dodged            |    40 |    35 |    48 |   228 |   114 ||   465
         Repelled          |       |       |     1 |     2 |     3 ||     6

Table legend: (Time is in decaauts)
 A = Elapsed time spent in this place.
 B = Non-inter-level travel time spent in this place.
 C = Inter-level travel time spent in this place.
 D = Time resting spent in this place.
 E = Time spent auto-exploring this place.
 F = Levels seen in this place.
 G = Mean time per level.
                   A        B        C        D        E       F      G
               +--------+--------+--------+--------+--------+-----+--------+
         Total |  19669 |  18130 |   1539 |      0 |   9447 |  17 | 1157.0 |
       Dungeon |  11939 |  10792 |   1147 |      0 |   5749 |  11 | 1085.4 |
        Temple |      1 |      1 |      0 |      0 |      0 |   1 |    1.0 |
          Lair |   6879 |   6487 |    392 |      0 |   3636 |   4 | 1719.8 |
        Bailey |    849 |    849 |      0 |      0 |     61 |   1 |  849.0 |
               +--------+--------+--------+--------+--------+-----+--------+

Top non-repeatable levels by time:
  Lair:3: 2975 daAuts
  Lair:2: 2175 daAuts
     D:2: 1502 daAuts
     D:7: 1487 daAuts
  Lair:1: 1434 daAuts
     D:5: 1236 daAuts
    D:11: 1234 daAuts
     D:3: 1218 daAuts
     D:8: 1117 daAuts
     D:9: 1027 daAuts
     D:1: 1003 daAuts
     D:4: 979 daAuts
  Bailey: 849 daAuts
     D:6: 756 daAuts
    D:10: 376 daAuts
